 Dungeon Crawl Stone Soup version 0.23.2-1-ga50397a (webtiles) character file.

Game seed: 5929469988882213108

833 kaychamo the Ogre Mage (level 7, -5/72 HPs)
             Began as an Ogre Wizard on May 10, 2019.
             Slain by a wight
             ... wielding a cursed +4 battleaxe
              (12 damage)
             ... on level 5 of the Dungeon.
             The game lasted 01:22:08 (8635 turns).

kaychamo the Ogre Mage (Ogre Wizard)                Turns: 8635, Time: 01:22:09

Health: -5/72      AC:  5    Str: 12    XL:     7   Next: 98%
Magic:  12/16      EV:  9    Int: 21    God:
Gold:   249        SH:  0    Dex:  7    Spells: 10/18 levels left

rFire    . . .     SeeInvis .   a - +0 halberd
rCold    . . .     Gourm    .   (shield currently unavailable)
rNeg     . . .     Faith    .   i - +0 robe
rPois    .         Spirit   .   r - +1 hat
rElec    .         Reflect  .   s - +0 cloak
rCorr    .         Harm     .   (gloves unavailable)
MR       .....                  (boots unavailable)
Stlth    +.........             (no amulet)
HPRegen  0.22/turn              (no ring)
MPRegen  0.15/turn              (no ring)

@: heavily drained
A: large, unfitting armour, tough skin 1
a: no special abilities


You were on level 5 of the Dungeon.
You were near starving.

You visited 1 branch of the dungeon, and saw 6 of its levels.

You collected 249 gold pieces.

Inventory:

Hand Weapons
 a - a +0 halberd (weapon)
   (You took it off a gnoll on level 5 of the Dungeon)
 b - a +0 hunting sling
   (You took it off a goblin on level 2 of the Dungeon)
 D - a +0 trident
   (You found it on level 5 of the Dungeon)
Missiles
 p - 23 poisoned needles
 q - 270 stones (quivered)
Armour
 i - a +0 robe (worn)
 r - a +1 hat (worn)
 s - a +0 cloak (worn)
   (You found it on level 2 of the Dungeon)
 C - a cursed +0 robe
   (You found it on level 5 of the Dungeon)
 G - cursed -2 ice dragon scales
   (You took it off a crimson imp on level 5 of the Dungeon)
Jewellery
 d - an uncursed ring of flight {unknown}
   (You found it on level 1 of the Dungeon)
 g - a cursed ring of attention {unknown}
   (You found it on level 1 of the Dungeon)
 h - a +4 ring of strength {unknown}
   (You found it on level 4 of the Dungeon)
 l - an uncursed ring of protection from magic {unknown}
   (You found it on level 1 of the Dungeon)
 o - a cursed ring of teleportation {unknown}
   (You found it on level 1 of the Dungeon)
 y - an uncursed ring of magical power {unknown}
   (You found it on level 5 of the Dungeon)
Wands
 u - a wand of enslavement (1)
   (You took it off Ijyb on level 4 of the Dungeon)
Scrolls
 j - a scroll of enchant armour
 k - 3 scrolls of magic mapping
 v - a scroll of identify {@r1}
 x - 2 scrolls of enchant weapon {unknown}
 E - a scroll of fog
 F - a scroll of random uselessness {unknown}
Potions
 f - 3 potions of flight
 m - a potion of brilliance
 n - a potion of degeneration {unknown}
 t - a potion of invisibility
 w - a potion of heal wounds {unknown}
 z - a potion of curing {unknown}
 A - a potion of berserk rage {unknown}
 B - a potion of ambrosia {unknown}
Comestibles
 e - 9 rations {!d}


   Skills:
 + Level 5.5(3.6) Fighting
 - Level 1.7(0.1) Dodging
 - Level 1.4(0.0) Stealth
 + Level 6.1(4.2) Spellcasting
 - Level 2.0(0.3) Conjurations
 - Level 2.0(0.3) Summonings
 - Level 0.8(0.0) Translocations
 - Level 3.0(1.3) Air Magic
 - Level 3.0(1.3) Poison Magic


You had 10 spell levels left.
You knew the following spells:

 Your Spells              Type           Power        Failure   Level  Hunger
a - Magic Dart            Conj           #...         11%         1    None
b - Blink                 Tloc           N/A          19%         2    #......
f - Mephitic Cloud        Conj/Pois/Air  #.......     24%         3    ###....
x - Call Imp              Summ           #.......     16%         2    #......

Your spell library contained the following spells:

 Spells                   Type           Power        Failure   Level  Hunger
 Slow                     Hex            #.......     19%         2    #......
 Conjure Flame            Conj/Fire      #.......     32%         3    ###....


Dungeon Overview and Level Annotations

Branches:
Dungeon (6/15)             Temple (0/1) D:5

Altars:
Gozag
Makhleb
Nemelex Xobeh
Sif Muna
Zin
The Shining One

Annotations:
D:2 exclusion: downstairs
D:4 1 runed translucent door
D:5 exclusion: 2 downstairs


Innate Abilities, Weirdness & Mutations

You are too large for most types of armour.
You have tough skin. (AC +1)


Message History

The wight misses your crimson imp.
The wight hits your white imp but does no damage.
Your crimson imp hits the wight but does no damage.
Your white imp completely misses the wight.
Your crimson imp blinks!
The wight hits you with a cursed +0 war axe.
You feel drained.
The wight closely misses your crimson imp.
The wight completely misses your white imp.
You swap places.
Your crimson imp hits the wight.
The wight barely misses your crimson imp.
Your white imp barely misses the wight.
You barely miss the wight.
The wight hits you with a cursed +0 war axe!
You feel drained.
* * * LOW HITPOINT WARNING * * *
The wight completely misses your crimson imp.
The wight hits your white imp with a cursed +0 war axe!
Your crimson imp blinks!
Your white imp closely misses the wight.
A wight comes into view. It is wielding a +4 battleaxe.
The wight hits you with a cursed +0 war axe.
* * * LOW HITPOINT WARNING * * *
You feel drained.
The wight hits your white imp with a cursed +0 war axe.
Your white imp dies!
The wight hits you with a +5 dire flail of freezing!
* * * LOW HITPOINT WARNING * * *
You feel drained. The wight freezes you.
* * * LOW HITPOINT WARNING * * *
The wight completely misses you.
Things that are here:
a +0 hand axe; a +0 robe Your crimson imp completely misses the wight.
The wight completely misses you.
There is a stone staircase leading up, spattered with blood here.
You can't go down here!
The wight barely misses you.
The wight hits your crimson imp with a cursed +4 battleaxe.
The wight hits you with a cursed +0 war axe!
* * * LOW HITPOINT WARNING * * *
You feel drained.
Your crimson imp barely misses the wight.
Your crimson imp blinks!
You climb upwards.
Your summoned ally is left behind.
Level annotation: exclusion: 2 downstairs
There is a stone staircase leading down here.
The wight barely misses you.
The wight hits you with a cursed +4 battleaxe!
You die...

##..##.##..###############
#########..###..##
#...........#..+#######
#.........#.#.........#
#.........#...........#
#.........##..........#
#.........##..........#
#.........##..........#
##.........####z@#######
##.............zz#
##............##.#
##............##.#
##............'..#
####.........####
#......_..# #####....##
######


You could see 3 wights.

Vanquished Creatures
  A phantom (D:4)
  A wight (D:6)
  A crimson imp (D:5)
  A jelly (D:6)
  A worker ant (D:5)
  A river rat (D:4)
  An ooze (D:3)
  2 leopard geckos (D:5)
  3 orcs
  A ball python (D:4)
  2 giant cockroaches
  5 goblins
  6 hobgoblins
  7 jackals
  2 quokkas (D:5)
  5 bats
  3 frilled lizards
  3 kobolds
  A leopard gecko skeleton (D:5)
  A quokka skeleton (D:5)
  4 rats
52 creatures vanquished.

Vanquished Creatures (collateral kills)
  The ghost of Tribosh the Insei, an amateur OpTm of Ru (D:3)
  2 sky beasts (D:5)
  An ogre (D:5)
  A bullfrog (D:6)
  Blork the orc (D:4)
  A howler monkey (D:5)
  A crimson imp (D:5)
  A jelly (D:6)
  A bullfrog skeleton (D:5)
  An iguana (D:5)
  Ijyb (D:4)
  Natasha (thrice) (D:3)
  A worker ant (D:4)
  8 gnolls
  8 adders
  A river rat (D:4)
  An ooze (D:3)
  4 worms
  2 dart slugs
  2 leopard geckos
  8 orcs
  3 goblins
  2 hobgoblins
  A jackal (D:4)
  2 kobolds (D:2)
  A ball python (D:4)
  2 bats (D:3)
  A frilled lizard (D:2)
  A leopard gecko skeleton (D:6)
  A quokka zombie (D:5)
  2 rats
66 creatures vanquished.

Grand Total: 118 creatures vanquished

Notes
Turn   | Place    | Note
-------+----------+-------------------------------------------
     0 | D:1      | kaychamo the Ogre Wizard began the quest for the Orb.
     0 | D:1      | Reached XP level 1. HP: 16/16 MP: 5/5
   237 | D:1      | Reached skill level 1 in Conjurations
   585 | D:1      | Reached XP level 2. HP: 26/26 MP: 1/6
   656 | D:1      | Learned a level 2 spell: Call Imp
   683 | D:1      | Reached skill level 1 in Fighting
  1485 | D:2      | Reached skill level 1 in Summonings
  1508 | D:2      | Reached XP level 3. HP: 33/33 MP: 5/8
  1535 | D:2      | Learned a level 2 spell: Blink
  1539 | D:2      | Learned a level 3 spell: Mephitic Cloud
  1693 | D:2      | Found a sparkling altar of Nemelex Xobeh.
  1963 | D:2      | Reached skill level 4 in Spellcasting
  2974 | D:3      | Reached XP level 4. HP: 42/42 MP: 7/10
  3228 | D:3      | Noticed Natasha
  3236 | D:3      | Killed Natasha
  3358 | D:3      | Noticed Natasha
  3369 | D:3      | Killed Natasha
  3495 | D:3      | Reached XP level 5. HP: 41/50 MP: 3/11
  3669 | D:3      | Noticed Natasha
  4053 | D:3      | Found a deep blue altar of Sif Muna.
  4186 | D:3      | Killed Natasha
  4186 | D:3      | Reached skill level 1 in Air Magic
  4416 | D:3      | Reached skill level 1 in Poison Magic
  4553 | D:3      | Found a faded altar of an unknown god.
  4805 | D:4      | Noticed Ijyb
  4834 | D:4      | Killed Ijyb
  4927 | D:4      | Found a runed translucent door.
  4930 | D:4      | Noticed Tribosh's ghost (amateur OpTm)
  5315 | D:3      | Killed Tribosh's ghost
  5315 | D:3      | Reached skill level 5 in Spellcasting
  5315 | D:3      | Reached XP level 6. HP: 34/62 MP: 4/13
  5564 | D:4      | Found a glowing silver altar of Zin.
  5832 | D:4      | Noticed a phantom
  6011 | D:4      | Killed a phantom
  6118 | D:4      | Found a runed translucent door.
  6191 | D:4      | Noticed Blork the orc
  6235 | D:4      | Killed Blork the orc
  6518 | D:5      | Entered Level 5 of the Dungeon
  6549 | D:5      | Found a glowing golden altar of the Shining One.
  6685 | D:5      | Reached XP level 7. HP: 71/71 MP: 6/15
  7066 | D:5      | Found a burning altar of Makhleb.
  7798 | D:5      | Found an opulent altar of Gozag.
  7894 | D:5      | Found a staircase to the Ecumenical Temple.
  7962 | D:5      | Reached skill level 5 in Fighting
  8568 | D:6      | Reached skill level 6 in Spellcasting
  8635 | D:5      | Slain by a wight

Skill      XL: |  1  2  3  4  5  6  7 |
---------------+----------------------+-----
Conjurations   | 1 2 |  2.0
Fighting       | 1 2 3 4 5 |  5.5
Summonings     | 1 2 |  2.0
Spellcasting   | 4 5 6 |  6.1
Air Magic      | 1 2 3 |  3.0
Poison Magic   | 1 2 3 |  3.0
Dodging        | |  1.7
Stealth        | |  1.4
Translocations | |  0.8

Action                   |  1- 3 |  4- 6 |  7- 9 || total
-------------------------+-------+-------+-------++-------
Melee: Dagger            |       |    14 |       ||    14
       Spear             |       |    82 |    32 ||   114
       Halberd           |       |       |    37 ||    37
 Fire: Hunting sling     |     5 |     7 |    31 ||    43
Throw: Stone             |       |     3 |     1 ||     4
 Cast: Magic Dart        |    75 |    46 |       ||   121
       Call Imp          |    26 |    91 |    62 ||   179
       Mephitic Cloud    |       |     1 |       ||     1
  Use: Scroll            |       |    10 |       ||    10
 Stab: Distracted        |       |     1 |     1 ||     2
  Eat: Chunk             |     7 |     8 |     5 ||    20
       Ration            |       |     1 |       ||     1
Armor: Robe              |     2 |    29 |    26 ||    57
Dodge: Dodged            |    13 |    48 |    33 ||    94
